cohdb
Replays
Latest Replays
All Replays
Popular Replays
Top Player Replays
Match Explorer
How It Works
Community
CoH3 Stats
Reddit
Sign in to upload your games and track your stats! →
Sign in with Steam
Match 39594617
Unlisted
Match 39594617
Overview
Messages
Build Orders
End
Kettenkrad Recon Vehicle
Construct Infanterie Kompanie
Selects Terror Battlegroup
MG 42 Machine Gun Team
Selects Machine Gun Camouflage
MG 42 Machine Gun Team
Grenadier Squad
Construct Luftwaffe Kompanie
221 Scout Car
Jäger Squad
Luftwaffe Officer Quarters
Medical Station
Selects Defend the Fatherland
秃鹫k
Ok.okokok
Door
◈S.A.SBro◈
war
Kanade
狗可爱哈
Jonnies
0
0
Comments
sign in to comment!
No comments posted yet!